 Dungeon Crawl Stone Soup version 0.24-a0-275-g6f7e2cb (webtiles) character file.

Game seed: 1689084290021835431

32 mhoghedin the Gusty (level 3, -2/20 HPs)
             Began as a Tengu Air Elementalist on Apr 28, 2019.
             Slain by an ogre
             ... wielding a +0 giant club
              (22 damage)
             ... on level 2 of the Dungeon.
             The game lasted 00:07:44 (1721 turns).

mhoghedin the Gusty (Tengu Air Elementalist)        Turns: 1721, Time: 00:07:44

Health: -2/20      AC:  2    Str:  8    XL:     3   Next: 25%
Magic:  7/7        EV: 12    Int: 16    God:
Gold:   14         SH:  0    Dex: 14    Spells: 5/6 levels left

rFire    . . .     SeeInvis .   e - +2 dagger (holy)
rCold    + . .     Gourm    .   (no shield)
rNeg     . . .     Faith    .   a - +0 robe
rPois    .         Spirit   .   (helmet restricted)
rElec    .         Reflect  .   (no cloak)
rCorr    .         Harm     .   (no gloves)
MR       .....                  (boots unavailable)
Stlth    ++........             (no amulet)
HPRegen  0.06/turn              h - ring of protection from cold {rC+, !d}
MPRegen  0.10/turn              (no ring)

@: no status effects
A: beak, talons 3
a: no special abilities


You were on level 2 of the Dungeon.
You were not hungry.

You visited 1 branch of the dungeon, and saw 2 of its levels.

You collected 14 gold pieces.

Inventory:

Hand Weapons
 e - a +2 dagger of holy wrath (weapon)
   (You took it off a kobold on level 1 of the Dungeon)
Armour
 a - a +0 robe (worn)
Jewellery
 h - a ring of protection from cold (left hand) {rC+, !d}
   (You found it on level 1 of the Dungeon)
Scrolls
 d - a scroll of fog {unknown}
 f - a scroll of identify
 i - a scroll of immolation {unknown}
Potions
 b - a potion of curing
Comestibles
 c - 2 rations


   Skills:
 - Level 1.1 Fighting
 - Level 2.1 Dodging
 - Level 2.0 Stealth
 - Level 2.0 Spellcasting
 + Level 2.7 Conjurations
 + Level 4.7 Air Magic


You had 5 spell levels left.
You knew the following spells:

 Your Spells              Type           Power        Failure   Level  Hunger
a - Shock                 Conj/Air       ##..         4%          1    #......

Your spell library contained the following spells:

 Spells                   Type           Power        Failure   Level  Hunger
 Swiftness                Chrm/Air       #.......     12%         2    ###....
 Static Discharge         Conj/Air       ##......     13%         3    ###....
 Airstrike                Air            ###.......   28%         4    #####..
 Lightning Bolt           Conj/Air       ##........   77%         5    ######.


Dungeon Overview and Level Annotations

Branches:
Dungeon (2/15)

Altars:


Innate Abilities, Weirdness & Mutations

You have a beak for a mouth.
You have claws for feet.


Message History

You closely miss the hobgoblin.
The hobgoblin hits you but does no damage.
You closely miss the hobgoblin. The hobgoblin hits you.
You take 1 damage, and have 19/20 hp.
You hit the hobgoblin.
You kill the hobgoblin!
No target in view!
You open the door.
There is an open door here.
A goblin comes into view. It is wielding a +0 club.
A goblin is nearby!
The goblin shouts!
You hear a shout!
You hit the goblin. You claw the goblin.
You kill the goblin!
No target in view!
Found a stone staircase leading down.
You see here a +0 club.
Health restored: 20
c - 2 rations (gained 1)
You see here 15 stones.
Eating one of 2 chunks of flesh {@w0}.
You eat one of the 2 chunks of flesh {@w0}.
Found a stone staircase leading down.
A goblin comes into view. It is wielding a +0 dagger.
You see here a robe.
A goblin is nearby!
The goblin shouts!
You hit the goblin.
You kill the goblin!
A hobgoblin comes into view.
A hobgoblin is nearby!
You barely miss the hobgoblin.
You peck the hobgoblin, but do no damage.
The hobgoblin barely misses you.
You hit the hobgoblin but do no damage. The hobgoblin hits you.
You take 1 damage, and have 19/20 hp.
You hit the hobgoblin but do no damage. You claw the hobgoblin.
The hobgoblin closely misses you.
You hit the hobgoblin. Your kick misses the hobgoblin. The hobgoblin hits you.
You take 3 damage, and have 16/20 hp.
You closely miss the hobgoblin.
You claw the hobgoblin, but do no damage.
The hobgoblin hits you but does no damage.
You closely miss the hobgoblin. The hobgoblin barely misses you.
You hit the hobgoblin. Your kick misses the hobgoblin. You peck the hobgoblin.
You kill the hobgoblin!
No target in view!
No target in view!
No target in view!
No target in view!
No target in view!
No target in view!
No target in view!
No target in view!
No target in view!
No target in view!
You see here a hobgoblin corpse.
A hobgoblin comes into view.
You see here a scroll labeled SAISTR YSSOIPN.
A hobgoblin is nearby!
The helpless hobgoblin fails to defend itself.
You hit the hobgoblin.
You kill the hobgoblin!
No target in view!
No target in view!
No target in view!
No target in view!
No target in view!
i - a scroll labeled SAISTR YSSOIPN You see here a hobgoblin corpse.
You see here a ring mail.
Done exploring.
Done exploring.
Done exploring.
As you read the scroll labeled LOPIG NUNIOMUO, it crumbles to dust.
It is a scroll of identify.
b - a potion of curing Done exploring.
(D) Dungeon
Where to? (? - help) All of the chunks of flesh in your inventory have rotted away.
You see here a robe.
There is a stone staircase leading down here.
You climb downwards.
A goblin comes into view. It is wielding a +0 club.
There is a stone staircase leading up here.
Health restored: 20 A goblin is nearby!
The helpless goblin fails to defend itself.
You puncture the goblin!
You kill the goblin!
You see here a +0 club.
An ogre comes into view. It is wielding a +0 giant club.
Okay, then.
Unknown command.
The helpless ogre fails to defend itself.
You puncture the ogre!
The ogre hits you with a +0 giant club!!
Ouch! That really hurt!
You die...

##### ..#..
#.#!#### # #.#.#..
#.#.#.#.# #
#.###.#.#.#.##.####
...................
.###.#)#.#@##.###
#<#.#O# ###.#.#
#.#.# #.#.# ....#
#...# #.#


You could see an ogre.

Vanquished Creatures
  4 goblins
  9 hobgoblins (D:1)
  7 kobolds (D:1)
  6 frilled lizards (D:1)
  2 rats (D:1)
28 creatures vanquished.

Notes
Turn   | Place    | Note
-------+----------+-------------------------------------------
     0 | D:1      | mhoghedin the Tengu Air Elementalist began the quest for
                  | the Orb.
     0 | D:1      | Reached XP level 1. HP: 10/10 MP: 4/4
   311 | D:1      | Reached skill level 1 in Fighting
   507 | D:1      | Reached XP level 2. HP: 10/16 MP: 3/6
   746 | D:1      | Reached skill level 2 in Conjurations
  1454 | D:1      | Reached XP level 3. HP: 20/20 MP: 7/7
  1718 | D:2      | Noticed an ogre
  1721 | D:2      | Slain by an ogre

Levels and vault maps discovered:
D:1:      minmay_arrival_jagged, layout_basic, minmay_lizard_pond
D:2:      layout_basic

Skill      XL: |  1  2 |
---------------+-------+-----
Fighting       | 1 |  1.1
Conjurations   | 2 |  2.7
Dodging        | |  2.1
Stealth        | |  2.0
Spellcasting   | |  2.0
Air Magic      | |  4.7

Action                   || total
-------------------------++-------
Melee: Unarmed           ||     3
       Kick              ||     4
       Peck              ||     3
       Dagger            ||    17
 Cast: Shock             ||    24
  Use: Scroll            ||     1
 Stab: Sleeping          ||     5
  Eat: Chunk             ||     3
Armor: Robe              ||     4
Dodge: Dodged            ||    24

Table legend:
 A = Non-vault XP
 B = Vault XP
 C = Vault XP percentage of total XP
 D = Non-vault monster count
 E = Vault monster count
 F = Vault count percentage of total count
                 A         B        C        D         E       F
            +---------+---------+-------+---------+---------+-------
      Total |      40 |       6 |  13.0 |      22 |       6 |  21.4
            +---------+---------+-------+---------+---------+-------
        D:1 |      38 |       6 |  13.6 |      21 |       6 |  22.2
        D:2 |       2 |       0 |   0.0 |       1 |       0 |   0.0
            +---------+---------+-------+---------+---------+-------

Levels and vault maps discovered:
D:1:      minmay_arrival_jagged, layout_basic, minmay_lizard_pond
D:2:      layout_basic

Table legend:
 A = Turns spent in this place as a percentage of turns spent in the entire game.
 B = Non-inter-level travel turns spent in this place as a percentage of non-inter-level travel turns spent in the entire game.
 C = Inter-level travel turns spent in this place as a percentage of turns spent in this place.
 D = Turns resting spent in this place as a percentage of non-inter-level travel turns spent in this place.
 E = Turns spent auto-exploring this place as a percentage of non-inter-level travel turns spent in this place.
 F = Non-inter-level travel turns spent in this place divided by the number of levels of this place that you've seen.
                   A       B       C       D       E      F
               +-------+-------+-------+-------+-------+----------------------
         Total | 100.0 | 100.0 |   1.4 |  49.0 |  34.4 | 848.5
       Dungeon | 100.0 | 100.0 |   1.4 |  49.0 |  34.4 | 848.5
               +-------+-------+-------+-------+-------+----------------------

Table legend:
 A = Kills in this place as a percentage of kills in entire the game.
 B = Kills by you in this place as a percentage of kills by you in the entire game.
 C = Kills by friends in this place as a percentage of kills by friends in the entire game.
 D = Other kills in this place as a percentage of other kills in the entire game.
 E = Experience gained in this place as a percentage of experience gained in the entire game.
 F = Experience gained in this place divided by the number of levels of this place that you have seen.
                   A       B       C       D       E      F
               +-------+-------+-------+-------+-------+----------------------
         Total | 100.0 | 100.0 |   N/A |   N/A | 100.0 |  23.0
       Dungeon | 100.0 | 100.0 |   N/A |   N/A | 100.0 |  23.0
               +-------+-------+-------+-------+-------+----------------------
